 Dungeon Crawl Stone Soup version 0.31-a0-259-g771a54ca4b (webtiles) character file.

Game seed: 7323107469997999385

35 qw the Shooter (level 3, 0/29 HPs)
             Began as a Minotaur Hexslinger on July 13, 2023.
             Slain by a cerulean imp
             ... wielding a +2 spear
             ... summoned by Natasha
              (2 damage)
             ... on level 2 of the Dungeon.
             The game lasted 00:00:21 (1063 turns).

qw the Shooter (Minotaur Hexslinger)                Turns: 1063, Time: 00:00:22

Health: 0/29       AC:  5    Str: 12    XL:     3   Next: 16%
Magic:  3/3        EV: 11    Int: 10    God:
Gold:   90         SH:  0    Dex: 14    Spells: 3/4 levels left

rFire   . . .        Y - +1 sling
rCold   . . .        (no shield)
rNeg    . . .        f - +0 ring mail
rPois   .            (helmet restricted)
rElec   .            (no cloak)
rCorr   .            (no gloves)
SInv    .            (no boots)
Will    .....        (no amulet)
Stlth   +            (no ring)
HPRegen 0.24/turn    (no ring)
MPRegen 0.08/turn

%: no passive effects
@: no status effects
A: horns 2, retaliatory headbutt
a: no special abilities


You were on level 2 of the Dungeon.
You visited 1 branch of the dungeon, and saw 2 of its levels.

You collected 90 gold pieces.


Innate Abilities, Weirdness & Mutations

You have a pair of horns on your head.
You reflexively headbutt those who attack you in melee.


   Skills:
 - Level 2.1 Fighting
 + Level 3.6 Ranged Weapons
 - Level 2.1 Dodging
 - Level 1.0 Spellcasting
 - Level 2.0 Hexes


You had 3 spell levels left.
You knew the following spells:

 Your Spells              Type           Power      Damage    Failure   Level
a - Slow                  Hex            16%        N/A       34%         1

Your spell library contained the following spells:

 Spells                   Type           Power      Damage    Failure   Level
 Inner Flame              Hex/Fire       2%         N/A       83%         3
 Portal Projectile        Hex/Tloc       4%         N/A       83%         3
 Cause Fear               Hex            2%         N/A       98%         4

Inventory:

Hand Weapons
 Y - a +1 sling (weapon)
Armour
 f - a +0 ring mail (worn)
Potions
 e - a potion of heal wounds {unknown}
 k - a potion of enlightenment {unknown}

Dungeon Overview and Level Annotations

Branches:
Dungeon (2/15)

Altars:

Shops:
D:1 [

Annotations:
D:2 Natasha


Message History

The cerulean imp hits you from afar with a +2 spear.
You shoot a sling bullet. The sling bullet hits Natasha.
Natasha is heavily wounded.
Natasha hisses.
Natasha claws you but does no damage. The cerulean imp misses you.
You shoot a sling bullet.
The sling bullet completely misses Natasha.
Natasha howls an incantation.
Natasha glows brightly for a moment.
Natasha misses you. You furiously retaliate!
You headbutt Natasha, but do no damage.
The cerulean imp hits you from afar with a +2 spear.
Natasha casts a spell.
You shoot a sling bullet.
The sling bullet closely misses Natasha.
The cerulean imp hits you from afar with a +2 spear.
Natasha mumbles some strange words.
The cerulean imp completely misses you.
You shoot a sling bullet.
The sling bullet closely misses Natasha.
The cerulean imp barely misses you. Natasha barely misses you.
The cerulean imp hits you but does no damage.
The cerulean imp closely misses you.
You shoot a sling bullet.
The sling bullet hits Natasha but does no damage.
Natasha is heavily wounded.
The cerulean imp barely misses you. Natasha claws you but does no damage.
The cerulean imp hits you from afar with a +2 spear. x2
The cerulean imp hits you but does no damage.
You shoot a sling bullet. The sling bullet hits Natasha.
Natasha is severely wounded.
Natasha claws you. The cerulean imp closely misses you.
The cerulean imp hits you but does no damage.
The cerulean imp closely misses you. Natasha claws you.
The cerulean imp hits you but does no damage.
The cerulean imp closely misses you.
You shoot a sling bullet. The sling bullet barely misses Natasha.
The cerulean imp barely misses you. Natasha claws you but does no damage.
The cerulean imp hits you from afar with a +2 spear.
You die...

..............###
..........###...#
..........# ###.#
..........# #.#
## .##########
#.# ..# .# #.##
...# .# #.5#
..... .#
##.#5..... ##
#@h>.....
...............
.......5.......
...............
#.............#
#.$...........#
#..........####
#..........#


You could see Natasha and 3 cerulean imps.

Vanquished Creatures
  2 dart slugs
  2 ball pythons (D:1)
  2 bats
  3 endoplasms
  2 giant cockroaches (D:1)
  3 hobgoblins (D:1)
  A jackal (D:2)
  2 kobolds
  5 quokkas (D:1)
  A goblin (D:1)
  3 rats
26 creatures vanquished.

Notes
Turn   | Place    | Note
-------+----------+-------------------------------------------
     0 | D:1      | qw the Minotaur Hexslinger began the quest for the Orb.
     0 | D:1      | Reached XP level 1. HP: 16/16 MP: 1/1
     0 | D:1      | 0 ||| qw: Version: 0.3-a-52-g30416fa
     0 | D:1      | 0 ||| qw: Game counter: 6901
     0 | D:1      | 0 ||| qw: Melee chars always use a shield: true
     0 | D:1      | 0 ||| qw: God list: Okawaru
     0 | D:1      | 0 ||| qw: Allow faded altars: false
     0 | D:1      | 0 ||| qw: Do Orc after clearing Dungeon:15 true
     0 | D:1      | 0 ||| qw: Do second Lair branch before Depths: true
     0 | D:1      | 0 ||| qw: Lair rune preference: random
     0 | D:1      | 0 ||| qw: Goals: Normal
     0 | D:1      | 0 ||| PLANNING D:1-11
    72 | D:1      | Reached skill level 3 in Ranged Weapons
   128 | D:1      | Reached XP level 2. HP: 23/23 MP: 2/2
   357 | D:1      | Found a faded altar of an unknown god.
   552 | D:1      | Found Niecukho's Antique Armour Shoppe.
   555 | D:1      | 555 ||| SHOPLISTING glowing leather armour (80 gold, have
                  | 71).
   555 | D:1      | 555 ||| SHOPLISTING glowing scarf (128 gold, have 71).
   555 | D:1      | 555 ||| SHOPLISTING runed leather armour (80 gold, have
                  | 71).
   881 | D:1      | 881 ||| UPGRADING to +0 ring mail.
   891 | D:1      | 891 ||| DROPPING +0 robe.
   892 | D:1      | 892 ||| READING scroll labelled LOGAOJ ORUOSI.
   893 | D:1      | 893 ||| READING scroll labelled TAUTAK IZO.
   894 | D:1      | 894 ||| READING scroll labelled FAZOTA KUALO.
   895 | D:1      | 895 ||| READING scroll labelled QAFYUDWUAKK.
   896 | D:1      | 896 ||| READING 2 scrolls labelled PAVVEY JOAR.
   897 | D:1      | 897 ||| READING scroll labelled WOPLYCSI ACLI.
   898 | D:1      | 898 ||| DRINKING 2 sapphire potions.
   899 | D:1      | 899 ||| DROPPING scroll of poison.
   900 | D:1      | 900 ||| DROPPING potion of brilliance.
   901 | D:1      | 901 ||| DROPPING scroll of revelation.
   953 | D:2      | Reached XP level 3. HP: 29/29 MP: 3/3
  1052 | D:2      | Noticed Natasha
  1062 | D:2      | HP: 2/29 [Natasha (6)]
  1063 | D:2      | Slain by a cerulean imp

Levels and vault maps discovered:
D:1:      giann_horns, layout_basic, shapermc_ecumenical_altar_mp_highgroup,
          serial_shops, nicolae_shop_window_shopping
D:2:      layout_basic, uniq_natasha, uniq_jessica

Skill      XL: |  1  2 |
---------------+-------+-----
Ranged Weapons | 3 |  3.6
Fighting       | 2 |  2.1
Dodging        | |  2.1
Spellcasting   | |  1.0
Hexes          | |  2.0

Action                     || total
---------------------------++-------
   Fire: Sling             ||    74
    Use: Scroll            ||     6
         Potion            ||     1
 Armour: Ring mail         ||    15
         Robe              ||     2
  Dodge: Dodged            ||    23

Table legend:
 A = Non-vault XP
 B = Vault XP
 C = Vault XP percentage of total XP
 D = Non-vault monster count
 E = Vault monster count
 F = Vault count percentage of total count
                 A         B        C        D         E       F
            +---------+---------+-------+---------+---------+-------
      Total |      50 |       0 |   0.0 |      26 |       0 |   0.0
            +---------+---------+-------+---------+---------+-------
        D:1 |      38 |       0 |   0.0 |      20 |       0 |   0.0
        D:2 |      12 |       0 |   0.0 |       6 |       0 |   0.0
            +---------+---------+-------+---------+---------+-------
